Map: Lost and Found LE

Players

Namshar - Winner!

  • Race: Zerg Zerg
  • League: Grandmaster
  • Spawn Location: 1:00

Bunny

  • Race: Terran Terran
  • League: Diamond
  • Spawn Location: 7:00

Event: HomeStory Cup XVII

VOD

Have the link to the VOD?

Description

Time

  • Played on: June 28, 2018, 8:51 p.m.
  • Length: 17:45

All games in this series

Show
View Real Time Build Order
Export as new Build Order

Namshar Zerg - Winner!

Build Orders: Hatch First 

Get SALT Encoding   

  12  0:00  Drone  
  13  0:12  Overlord  
  13  0:17  Drone  
  14  0:31  Drone x2  
  14  0:35  Drone  
  17  0:51  Hatchery  
  17  0:54  Drone  
  17  0:58  Drone  
  18  1:08  Extractor  
  17  1:12  Spawning Pool  
  17  1:15  Drone  
  17  1:18  Drone  
  18  1:28  Drone  
  19  1:39  Drone  
  20  1:49  Overlord  
  20  1:58  Queen  
  22  2:03  Queen  
  22  2:04  Zergling x2  
  22  2:05  Zergling x2  
  26  2:11  Drone  
  26  2:14  Drone  
  28  2:20  Hatchery  
  27  2:23  Drone  
  27  2:25  Drone  
  29  2:37  Metabolic Boost  
  29  2:39  Queen  
  29  2:43  Overlord  
  31  2:46  Drone  
  31  2:50  Drone x2  
  34  2:56  Drone  
  35  3:01  Drone  
  35  3:04  Overlord  
  36  3:12  Drone x4  
  40  3:13  Queen  
  42  3:22  Overlord  
  42  3:26  Overlord  
  42  3:27  Drone  
  43  3:29  Drone  
  43  3:32  Drone x3  
  47  3:35  Queen  
  49  3:42  Drone  
  49  3:43  Zergling x2  
  49  3:44  Zergling x6  
  54  3:57  Queen  
  54  3:59  Overlord  
  54  4:00  Zergling x2  
  54  4:01  Zergling x6  
  60  4:08  Drone x3  
  63  4:14  Drone x3  
  63  4:16  Overlord  
  66  4:17  Overlord  
  66  4:27  Spore Crawler  
  66  4:28  Spore Crawler  
  66  4:29  Spore Crawler, Queen  
  65  4:31  Drone  
  65  4:32  Drone x2  
  65  4:37  Drone x7  
  75  4:47  Overlord  
  75  4:48  Lair  
  75  4:51  Extractor  
  75  4:52  Extractor  
  73  4:53  Drone x2  
  75  5:00  Drone  
  75  5:01  Drone x4  
  80  5:07  Queen  
  80  5:11  Drone x4  
  80  5:12  Drone x4  
  80  5:13  Evolution Chamber x2  
  85  5:24  Baneling Nest  
  84  5:28  Hatchery  
  84  5:30  Drone  
  84  5:31  Extractor  
  84  5:32  Hatchery  
  84  5:35  Drone x2  
  84  5:36  Drone x2  
  84  5:38  Extractor  
  84  5:39  Drone x2  
  87  5:48  Zergling x2  
  87  5:49  Zergling x2  
  89  5:50  Zerg Ground Armor Level 1, Zerg Melee Weapons Level 1  
  89  5:56  Overlord x3  
  89  5:58  Drone  
  89  5:59  Hydralisk Den  
  89  6:01  Drone x4  
  89  6:02  Drone  
  94  6:08  Overlord x3  
  94  6:10  Overlord  
  94  6:16  Drone x2  
  94  6:17  Zergling x2  
  97  6:18  Centrifical Hooks  
  97  6:20  Baneling x6  
  97  6:22  Zergling x2  
  97  6:23  Zergling x4  
  100  6:27  Overlord  
  100  6:28  Zergling x2  
  100  6:29  Zergling x2  
  100  6:31  Grooved Spines  
  102  6:33  Baneling x2  
  102  6:34  Zergling x2  
  103  6:44  Queen  
  105  6:51  Zergling x20  
  113  7:02  Zergling x4  
  113  7:03  Zergling x8  
  113  7:07  Queen  
  120  7:20  Zergling x2  
  120  7:21  Zergling x20  
  125  7:35  Baneling x2  
  125  7:36  Baneling x2  
  122  7:42  Muscular Augments  
  122  7:46  Zerg Ground Armor Level 2, Zerg Melee Weapons Level 2  
  122  7:49  Overlord x4  
  122  7:50  Infestation Pit, Hydralisk x7  
  134  8:05  Hydralisk x4  
  140  8:19  Zergling x2  
  148  8:20  Zergling x26  
  148  8:22  Baneling x5  
  148  8:23  Baneling x4  
  148  8:25  Zergling x12  
  160  8:27  Hatchery  
  160  8:32  Queen  
  161  8:35  Zergling x8  
  161  8:39  Baneling  
  161  8:40  Baneling x4  
  161  8:41  Baneling  
  161  8:47  Zergling x18  
  169  8:53  Queen  
  169  8:54  Queen  
  173  8:56  Hive  
  173  8:58  Drone x3  
  176  9:03  Zergling x20  
  179  9:19  Hydralisk  
  179  9:20  Zergling x26  
  179  9:21  Baneling  
  179  9:22  Baneling x15  
  194  9:26  Hydralisk  
  194  9:27  Zergling x4  
  194  9:29  Zergling x2  
  194  9:30  Zergling x4  
  189  9:39  Hydralisk  
  189  9:40  Zergling x14  
  183  9:49  Hydralisk  
  183  9:50  Zergling x22  
  156  9:54  Hydralisk  
  156  9:55  Zergling x2  
  153  10:03  Baneling x16  
  153  10:04  Zergling x10  
  157  10:10  Baneling  
  157  10:11  Baneling x3, Zergling x6  
  157  10:12  Zergling x4  
  159  10:23  Zergling x24  
  159  10:26  Extractor  
  159  10:28  Drone x3  
  172  10:30  Adrenal Glands  
  172  10:41  Zergling x24  
  178  10:49  Zerg Ground Armor Level 3  
  179  10:50  Zergling x6  
  179  11:05  Zerg Melee Weapons Level 3  
  179  11:06  Zergling x20  
  179  11:07  Zergling x8  
  180  11:27  Zergling x2, Hydralisk  
  180  11:28  Zergling x26  
  180  11:29  Baneling  
  180  11:30  Baneling x12  
  171  11:38  Baneling x9  
  164  11:40  Zergling x2  
  164  11:41  Zergling x12  
  166  11:52  Queen  
  164  11:55  Viper  
  164  11:57  Hydralisk  
  164  11:58  Zergling x26  
  177  12:19  Zergling x2, Hydralisk  
  177  12:20  Zergling x36  
  177  12:21  Baneling  
  177  12:22  Baneling x4  
  182  12:33  Baneling x19  
  182  12:35  Zergling x2  
  182  12:36  Zergling x8  
  187  12:46  Viper  
  187  12:48  Zergling x2  
  187  12:49  Zergling x16  
  193  13:03  Zergling x12  
  199  13:08  Baneling x2  
  199  13:09  Baneling x11  
  199  13:19  Baneling  
  198  13:20  Baneling x8  
  198  13:23  Hydralisk  
  198  13:24  Zergling x6  
  189  13:30  Zergling x2  
  189  13:31  Zergling x44  
  189  13:33  Zergling x2  
  167  13:40  Zergling x2  
  168  13:44  Hydralisk  
  168  13:45  Zergling x8  
  168  13:47  Baneling  
  168  13:48  Baneling x5  
  171  13:53  Baneling x6  
  171  13:55  Zergling x2  
  171  13:56  Zergling x10  
  155  14:11  Zergling x2, Hydralisk  
  155  14:12  Zergling x10  
  153  14:20  Hydralisk  
  153  14:21  Zergling x14  
  162  14:28  Unknown  
  160  14:46  Extractor  
  160  14:47  Overlord x2  
  160  14:52  Baneling x12  
  159  14:54  Zergling x36  
  159  14:55  Hatchery  
  159  14:59  Drone  
  177  15:04  Baneling x6  
  176  15:07  Zergling x10  
  176  15:10  Drone  
  176  15:11  Drone  
  176  15:12  Spire, Zergling x2, Ultralisk Cavern  
  182  15:16  Zergling x2  
  182  15:17  Zergling x24  
  182  15:18  Baneling x11, Hatchery  
  194  15:21  Zerg Missile Weapons Level 1  
  193  15:38  Baneling x6  
  193  15:39  Zergling x12  
  199  15:58  Extractor x2  
  197  16:08  Baneling  
  197  16:09  Baneling x8  
  192  16:30  Zergling x2, Hydralisk  
  192  16:31  Zergling x20  
  193  16:45  Hydralisk  
  193  16:46  Zergling x36  
  199  16:52  Baneling x3  
  199  16:53  Baneling x12  
  195  17:05  Baneling x8  
  195  17:06  Zergling x10  
  193  17:16  Zergling x14  
  193  17:18  Baneling x14  
  193  17:21  Baneling x7  
Show
View Real Time Build Order
Export as new Build Order

Bunny Terran 

Build Orders: Reaper Expand, MMM Bio 

Get SALT Encoding   

  12  0:00  SCV  
  13  0:12  SCV  
  14  0:16  Supply Depot  
  14  0:25  SCV  
  15  0:38  SCV  
  15  0:39  Barracks  
  16  0:43  Refinery  
  16  0:50  SCV  
  17  1:02  SCV  
  18  1:14  SCV  
  19  1:27  Orbital Command, Reaper  
  20  1:38  Command Center  
  20  1:49  Supply Depot  
  20  1:52  SCV  
  21  1:59  Marine  
  22  2:04  SCV  
  22  2:07  Factory  
  23  2:11  Refinery  
  23  2:16  SCV  
  23  2:20  Barracks Reactor  
  24  2:28  SCV  
  25  2:40  SCV  
  26  2:51  Starport, Orbital Command  
  26  2:53  SCV  
  27  3:02  Hellion x2  
  27  3:03  Barracks Tech Lab  
  27  3:05  SCV  
  32  3:17  SCV x2  
  34  3:23  Hellion x2  
  38  3:31  SCV x2  
  40  3:36  Viking  
  40  3:37  Supply Depot  
  42  3:43  SCV x2  
  44  3:53  Command Center  
  45  3:55  SCV x2  
  45  4:01  Supply Depot  
  48  4:08  SCV x2  
  48  4:19  Barracks x2  
  48  4:20  Stimpack, SCV x2  
  48  4:21  Starport Reactor  
  49  4:25  Factory Reactor  
  49  4:26  Marine  
  50  4:32  SCV x2  
  50  4:35  Engineering Bay x2  
  52  4:44  SCV x2, Marine  
  55  4:48  Supply Depot  
  55  4:56  SCV x2  
  55  4:57  Barracks  
  55  4:58  Barracks  
  57  5:02  Terran Infantry Weapons Level 1, Terran Infantry Armor Level 1, Marine  
  57  5:08  SCV, Factory Tech Lab  
  57  5:09  Refinery, Orbital Command  
  57  5:15  Marine x2  
  57  5:16  Refinery  
  57  5:18  SCV  
  57  5:20  SCV, Marine  
  62  5:26  Supply Depot  
  62  5:27  Marine x2  
  62  5:28  Medivac  
  66  5:29  Medivac  
  66  5:30  Orbital Command  
  66  5:32  Marine  
  66  5:35  Supply Depot  
  69  5:38  SCV x2  
  71  5:44  Marine x2  
  71  5:45  Marine  
  71  5:46  Supply Depot  
  71  5:47  Barracks Reactor x2  
  74  5:50  SCV x2  
  74  5:53  Siege Tank, Marine x2  
  74  5:56  SCV  
  82  6:01  Armory  
  82  6:02  Supply Depot, Marine  
  83  6:06  Medivac  
  83  6:07  Medivac  
  83  6:09  Marine x2  
  89  6:11  Marine  
  89  6:14  SCV x3  
  93  6:19  Supply Depot  
  93  6:20  Refinery, Marine x2  
  93  6:23  Combat Shield  
  95  6:26  SCV x2, Marine  
  95  6:27  Marine  
  95  6:28  SCV  
  95  6:31  Marine  
  101  6:34  Marine x4  
  106  6:40  SCV x3, Marine x2  
  106  6:44  Marine  
  106  6:45  Marine  
  112  6:49  Supply Depot  
  112  6:53  SCV x3  
  115  6:54  Siege Tank  
  118  7:03  Terran Infantry Armor Level 2, Terran Infantry Weapons Level 2  
  118  7:04  Marine x7  
  123  7:16  SCV x3  
  123  7:20  Barracks  
  123  7:21  Barracks  
  122  7:26  Siege Tank  
  125  7:31  Marauder, Marine x6  
  125  7:34  Medivac  
  133  7:38  Supply Depot x2  
  133  7:39  Supply Depot, Marine x2, Medivac  
  133  7:42  Supply Depot  
  137  7:46  Barracks  
  137  7:47  Supply Depot  
  137  7:52  Supply Depot  
  137  7:54  Marauder  
  137  7:55  Supply Depot  
  139  7:59  Marine  
  139  8:02  Marine x5  
  139  8:03  Marine x2  
  146  8:10  Siege Tank  
  149  8:12  Missile Turret  
  149  8:15  Marine  
  149  8:18  Barracks Reactor  
  149  8:19  Barracks Tech Lab  
  150  8:21  Marine  
  150  8:22  Marine x5  
  150  8:25  Marine  
  150  8:26  Marine  
  158  8:33  Marauder  
  160  8:39  Marine  
  160  8:40  Medivac x2  
  165  8:42  Marauder, Siege Tank, Marine x4  
  165  8:44  Barracks Tech Lab  
  174  8:51  Marine x3  
  174  8:55  Marauder  
  175  8:57  Marine  
  175  8:58  Sensor Tower  
  175  9:00  Marine x2  
  178  9:04  Marauder  
  178  9:06  Concussive Shells, Command Center  
  180  9:12  Marauder  
  180  9:14  Marine  
  180  9:15  Marine x4  
  180  9:16  Marauder  
  188  9:20  Marine x4  
  192  9:31  Marauder  
  191  9:32  Marine x2  
  191  9:33  Marine x4  
  191  9:36  Marauder  
  191  9:37  Marine  
  191  9:38  Marine x3  
  179  9:46  Medivac x2  
  179  9:52  Marauder  
  174  9:58  Marauder x2  
  173  10:00  Marine x6  
  173  10:01  Marine  
  173  10:06  Liberator x2  
  180  10:10  Terran Infantry Armor Level 3, Terran Infantry Weapons Level 3  
  180  10:13  Marauder  
  182  10:27  Marauder  
  182  10:28  Marauder, Marine x4  
  196  10:37  Marauder  
  193  10:46  Marine x4  
  197  10:52  Marine  
  197  10:55  Marine x2  
  197  11:00  Marine x2  
  199  11:07  Marine  
  200  11:12  Marauder  
  200  11:18  Terran Ship Weapons Level 1  
  200  11:24  Marauder x2  
  191  11:29  Marine x4  
  191  11:31  Marine x2  
  185  11:33  Marauder, Liberator  
  185  11:34  SCV x3  
  173  11:40  Marine x2  
  173  11:42  Planetary Fortress  
  173  11:45  Marauder x2  
  173  11:46  SCV x2  
  177  11:55  Marauder  
  179  12:04  Liberator  
  179  12:06  Marauder  
  179  12:07  Marauder  
  172  12:16  Marauder, Liberator  
  172  12:17  Marine x7  
  172  12:22  Marine x3  
  176  12:27  SCV x3  
  176  12:28  Marauder, Marine  
  187  12:49  Supply Depot  
  187  12:50  Supply Depot  
  187  12:53  Supply Depot  
  187  13:14  Marine  
  188  13:21  Liberator  
  188  13:24  Marine  
  181  13:27  Marine x2  
  181  13:28  Marauder x3, Marine  
  181  13:30  Marine x5  
  181  13:32  Marine  
  158  13:42  Marine  
  158  13:45  Marine x3  
  158  13:47  Marine  
  158  13:48  Marine  
  164  13:49  Marauder, Marine  
  164  13:50  Marauder x2  
  164  13:54  Marine x3  
  174  13:59  Medivac  
  145  14:11  Marauder x3  
  145  14:12  Marine  
  145  14:15  Marine x4  
  120  14:17  Marine x4  
  120  14:20  Marine  
  120  14:23  Medivac  
  127  14:30  Marine  
  121  14:32  Marauder x2  
  121  14:33  Marauder, Medivac  
  121  14:34  Marine x3  
  130  14:41  Marine x5  
  135  14:46  Marine  
  135  14:48  Marine  
  135  14:52  Marine  
  138  14:53  Medivac  
  138  14:54  Marauder x3  
  138  14:55  Marine x2  
  138  14:59  Marine  
  149  15:04  Marine x3  
  151  15:15  Marauder x3  
  151  15:16  Marine x3  
  151  15:19  Medivac  
  151  15:20  Marine  
  163  15:21  Orbital Command  
  163  15:23  Marine x2  
  163  15:24  Marine  
  131  15:28  Medivac  
  166  15:29  Marine  
  166  15:32  Marine x2  
  171  15:36  Marauder x2  
  171  15:37  Marauder  
  171  15:42  Marine x3  
  179  15:45  Supply Depot  
  179  15:47  Marine  
  181  15:57  Marine  
  181  15:58  Marauder x2, Marine  
  187  16:07  Marauder, Medivac x2  
  187  16:10  Orbital Command  
  192  16:13  Marine x4  
  192  16:16  Marine  
  192  16:17  Marine  
  192  16:18  Marine x4  
  195  16:19  Marauder  
  195  16:20  Marauder  
  186  16:27  Orbital Command  
  186  16:28  Marauder  
  186  16:31  Marine x4  
  192  16:34  Marine  
  192  16:35  Marine x2  
  192  16:36  Marine  
  192  16:38  Marine  
  180  16:42  Marauder  
  180  16:44  Marine  
  180  16:46  Marine  
  181  17:12  Marine  
  181  17:13  Marauder  
  163  17:18  Marine x3  
  163  17:19  Marine  
Tags
 
Add a new tag
Caveats
  • Supply blocks, unpowered buildings, or Contaminate may cause inaccurate times.
  • Supply counts are checked every 10 seconds.